 Dungeon Crawl Stone Soup version 0.18-a0-965-g9200175 (webtiles) character file.

564 root the Shield-Bearer (level 7, -14/55 HPs)
             Began as a Formicid Fighter on Jan 1, 2016.
             Demolished by an ogre
             ... wielding a +0 giant spiked club
              (20 damage)
             ... on level 5 of the Dungeon.
             The game lasted 00:13:31 (4177 turns).

root the Shield-Bearer (Formicid Fighter)           Turns: 4177, Time: 00:13:31

Health: -14/55     AC:  7    Str: 26    XL:     7   Next: 58%
Magic:  7/7        EV:  9    Int:  7    God:
Gold:   272        SH: 10    Dex: 12    Spells: 1 memorised, 5 levels left

rFire  . . .     SeeInvis +     a - +0 long sword
rCold  . . .     Gourm    .     b - +0 scale mail
rNeg   . . .     Faith    .     c - +0 shield
rPois  .         Spirit   .     (helmet unavailable)
rElec  .         Dismiss  .     (no cloak)
rCorr  .         Reflect  .     (no gloves)
SustAt .         Harm     .     (no boots)
MR     .....                    (no amulet)
Stlth  ..........               E - +5 ring of strength
                                e - ring of loudness (curse)

@: not resistant to hostile enchantments, extremely unstealthy
A: permanent stasis, dig shafts and tunnels, four strong arms, antennae 3
a: Dig, Shaft Self


You were on level 5 of the Dungeon.
You were not hungry.

You visited 1 branch of the dungeon, and saw 5 of its levels.

You collected 272 gold pieces.

Inventory:

Hand Weapons
 a - a +0 long sword (weapon)
Armour
 b - a +0 scale mail (worn)
 c - a +0 shield (worn)
Jewellery
 e - a cursed ring of loudness (left hand)
 o - an uncursed ring of fire
 E - a +5 ring of strength (right hand)
Scrolls
 g - 6 scrolls of identify {unknown}
 i - 2 scrolls of magic mapping {unknown}
 j - 3 scrolls of enchant weapon {unknown}
 l - a scroll of recharging {unknown}
 m - a scroll of amnesia {unknown}
 n - 2 scrolls of enchant armour {unknown}
 p - a scroll of remove curse {unknown}
 r - 2 scrolls of teleportation {unknown}
 u - a scroll of fear {unknown}
 w - 3 scrolls of random uselessness {unknown}
 y - a scroll of noise {unknown}
Potions
 d - a potion of might
 k - 4 potions of curing {unknown}
 q - a potion of magic {unknown}
 s - a potion of agility {unknown}
 t - a potion of brilliance {unknown}
 v - a potion of mutation {unknown}
 A - a potion of lignification {unknown}
Books
 z - a book of Battle

   Spells                             Type                      Level
   a - Infusion                       Charms                       1
   b - Shroud of Golubria             Charms/Translocation         2
   c - Song of Slaying                Charms                       2
   d - Spectral Weapon                Hexes/Charms                 3
   e - Regeneration                   Charms/Necromancy            3
 C - a book of the Tempests

   Spells                             Type                      Level
   a - Static Discharge               Conjuration/Air              3
   b - Lightning Bolt                 Conjuration/Air              5
   c - Fireball                       Conjuration/Fire             5
   d - Tornado                        Air                          9
   e - Shatter                        Earth                        9
 D - a book of Ice

   Spells                             Type                      Level
   a - Ice Form                       Ice/Transmutation            4
   b - Metabolic Englaciation         Hexes/Ice                    5
   c - Ozocubu's Refrigeration        Ice                          6
   d - Bolt of Cold                   Conjuration/Ice              6
   e - Freezing Cloud                 Conjuration/Ice/Air          6
   f - Simulacrum                     Ice/Necromancy               6
Comestibles
 f - 3 bread rations
 h - 3 meat rations
 x - a beef jerky
 B - a slice of pizza


   Skills:
 + Level 4.3 Fighting
 * Level 3.8 Long Blades
 + Level 4.5 Armour
 + Level 2.1 Dodging
 * Level 3.7 Stealth
 + Level 5.2 Shields
 * Level 1.6 Charms


You had 5 spell levels left.
You knew the following spells:

 Your Spells              Type           Power        Failure   Level  Hunger
a - Infusion              Chrm           #.....       95%         1    ##.....


Dungeon Overview and Level Annotations

Branches:
Dungeon (5/15)
 Temple: D:4-7

Altars:
Ashenzari
Dithmenos
Elyvilon
Fedhas
Gozag
Kikubaaqudgha
Pakellas
Qazlal
Sif Muna
Xom


Innate Abilities, Weirdness & Mutations

You are under a permanent stasis effect.
You can dig through walls and to a lower floor.
Your four strong arms can wield two-handed weapons with a shield.
You have a pair of large antennae on your head (SInv).


Message History

The ogre completely misses you.
You slash the ogre!
The ogre is almost dead.
The ogre barely misses you.
You completely miss the ogre.
The ogre is almost dead.
The ogre hits you with a giant spiked club!
Your shield and scale mail prevent you from hitting the ogre.
The ogre is almost dead.
The ogre closely misses you.
You hit the ogre but do no damage.
The ogre is almost dead.
You barely miss the ogre.
The ogre is almost dead.
The ogre hits you with a giant spiked club!
* * * LOW HITPOINT WARNING * * *
You barely miss the ogre.
The ogre is severely wounded.
The ogre hits you with a giant spiked club!!
You die...

##############
#...........(#
#.####..####.#
##.####..####.#
####...).(..)>##.#
#.......##..#.##.####
#.##.......(..(.....#
#.##@##.##...(...##.#
#..O.##.###########.#
#..####># #.# #.....
... ###.. #.....! #..
{ #.... #.$..... {
#.##. #.......#
..#... #.......#
#.##.### #.......# #
#


You could see an ogre.

Vanquished Creatures
  3 centaurs (D:5)
  A giant frog zombie (D:5)
  A crimson imp (D:5)
  Ijyb (D:3)
  3 worker ants
  A worker ant zombie (D:4)
  4 adders
  A shadow imp (D:4)
  An ooze (D:4)
  3 worms (D:2)
  5 giant geckos
  6 orcs
  2 ball pythons
  4 giant cockroaches
  4 goblins (D:1)
  6 hobgoblins
  4 jackals (D:1)
  A quokka (D:2)
  10 bats
  15 giant newts
  11 kobolds
  7 rats
94 creatures vanquished.

Notes
Turn   | Place    | Note
--------------------------------------------------------------
     0 | D:1      | root the Formicid Fighter began the quest for the Orb.
     0 | D:1      | Reached XP level 1. HP: 18/18 MP: 1/1
   163 | D:1      | Reached XP level 2. HP: 24/24 MP: 2/2
   311 | D:1      | Reached skill level 1 in Stealth
   368 | D:1      | Reached XP level 3. HP: 26/29 MP: 3/3
   454 | D:1      | Reached skill level 4 in Shields
   981 | D:2      | Found a shadowy altar of Dithmenos.
  1207 | D:2      | Reached XP level 4. HP: 37/37 MP: 4/4
  1762 | D:2      | Found a stormy altar of Qazlal.
  1762 | D:2      | Found an oddly glowing altar of Pakellas.
  2018 | D:3      | Noticed Ijyb
  2042 | D:3      | Killed Ijyb
  2042 | D:3      | Reached XP level 5. HP: 38/42 MP: 5/5
  2062 | D:3      | Found a shattered altar of Ashenzari.
  2677 | D:4      | Found an opulent altar of Gozag.
  2709 | D:4      | Found a white marble altar of Elyvilon.
  2749 | D:4      | Reached skill level 1 in Dodging
  2832 | D:4      | Found a deep blue altar of Sif Muna.
  3048 | D:4      | Found a shimmering altar of Xom.
  3057 | D:4      | Learned a level 1 spell: Infusion
  3152 | D:4      | Reached XP level 6. HP: 37/48 MP: 6/6
  3383 | D:5      | Entered Level 5 of the Dungeon
  3519 | D:5      | Reached skill level 1 in Charms
  3519 | D:5      | Reached XP level 7. HP: 22/54 MP: 7/7
  3700 | D:5      | Found a blossoming altar of Fedhas.
  3709 | D:5      | Found an ancient bone altar of Kikubaaqudgha.
  3875 | D:5      | Reached skill level 5 in Shields
  4177 | D:5      | Demolished by an ogre

Vault maps used:
D:1:      dpeg_arrival_oval, minivault_26, eino_curves_01, minivault_11
D:2:      gammafunk_temple_overflow_elements, nicolae_overflow_hidden_temple,
          uniq_crazy_yiuf_cottage
D:3:      lemuel_doored_altar, minmay_lizard_king, uniq_iyjb
D:4:      kennysheep_mini, nicolae_gozag_cash_rules_everything_around_me,
          elyvilon_altar_5, lemuel_blue_sif_altar
D:5:      grunt_temple_overflow_growth_and_decay, first_bread, uniq_duvessa

Action                   |  1- 3 |  4- 6 |  7- 9 || total
-------------------------+-------+-------+-------++-------
Melee: Long sword        |   118 |   267 |    36 ||   421
  Eat: Chunk             |     1 |     8 |     2 ||    11
